 Dungeon Crawl Stone Soup version 0.20.1-1-g8b1a95d (webtiles) character file.

441 Knicklaso the Slasher (level 6, -1/48 HPs)
             Began as a Demonspawn Chaos Knight on July 23, 2017.
             Slain by Knicklaso's ghost (5 damage)
             ... on level 4 of the Dungeon.
             The game lasted 00:07:47 (3299 turns).

Knicklaso the Slasher (Demonspawn Chaos Knight)     Turns: 3299, Time: 00:07:48

Health: -1/48      AC: 10    Str: 14    XL:     6   Next: 71%
Magic:  2/6        EV: 11    Int: 14    God:    Xom [..*...]
Gold:   212        SH:  0    Dex: 12    Spells: 5/5 levels left

rFire    + . .     SeeInvis .   a - +0 falchion (chaos)
rCold    + . .     Gourm    .   (no shield)
rNeg     . . .     Faith    .   h - +3 ring mail
rPois    +         Spirit   .   (helmet restricted)
rElec    +         Reflect  .   (no cloak)
rCorr    +         Harm     .   (no gloves)
MR       .....                  (no boots)
Stlth    +.........             (no amulet)
Regen    0.2/turn               (no ring)
MPRegen  0.1/turn               (no ring)

@: resistant, drained
A: antennae 1, claws 2, talons 1, slimy green scales 1, foul stench 1, rot
immunity
a: Renounce Religion


You were on level 4 of the Dungeon.
You worshipped Xom.
You were a toy of Xom.
You were very hungry.

You visited 1 branch of the dungeon, and saw 4 of its levels.

You collected 212 gold pieces.

Inventory:

Hand Weapons
 a - a +0 falchion of chaos (weapon)
Armour
 h - a +3 ring mail (worn)
Jewellery
 j - a cursed ring of loudness {unknown}
Scrolls
 d - a scroll of enchant weapon {unknown}
 e - 6 scrolls of remove curse {unknown}
 k - a scroll of magic mapping {unknown}
 m - 5 scrolls of identify {unknown}
 n - 2 scrolls of random uselessness {unknown}
 o - a scroll of teleportation {unknown}
 p - a scroll of enchant armour {unknown}
 q - 2 scrolls of blinking {unknown}
 t - a scroll of amnesia {unknown}
Potions
 l - 2 potions of curing
Comestibles
 c - 5 bread rations
 i - 3 meat rations


   Skills:
 + Level 4.2(3.9) Fighting
 * Level 4.7(4.5) Long Blades
 + Level 3.5(3.2) Armour
 + Level 2.7(2.5) Dodging


You had 5 spell levels left.
You didn't know any spells.

Dungeon Overview and Level Annotations

Branches:
Dungeon (4/15)
 Temple: D:4-7

Altars:
Okawaru
Xom

Annotations:
D:4 Knicklaso's ghost, amateur DsCK


Innate Abilities, Weirdness & Mutations

You have a pair of small antennae on your head.
You are partially covered in slimy green scales. (AC +2)
You may emit foul miasma when damaged in melee.
You are immune to rotting.
You have very sharp fingernails.
You have sharp toenails.


Message History

Knicklaso's ghost is severely damaged.
Knicklaso's ghost hits you.
You convulse.
You closely miss Knicklaso's ghost.
Knicklaso's ghost is severely damaged.
Knicklaso's ghost hits you.
You barely miss Knicklaso's ghost.
You claw Knicklaso's ghost, but do no damage.
Knicklaso's ghost is severely damaged.
Knicklaso's ghost hits you but does no damage.
You hit Knicklaso's ghost but do no damage.
Knicklaso's ghost flickers and vanishes!
Something hits you.
You emit a cloud of foul miasma!
You hit something but do no damage.
Nothing appears to happen.
You claw something.
You are feeling very hungry.
Something hits you but does no damage. Space warps horribly around you!
* * * LOW HITPOINT WARNING * * *
You barely miss something. Something hits you.
You die... "What!?
That's it?"

### #..
#.# #{#
#@# #.#
#.# #.#
#.# + , ,,
, , #.# ,
* #.# ,,
,,*#.....#
#.# ,
,*#.....#
#.#


There were no monsters in sight!

Vanquished Creatures
  An ogre (D:4)
  A phantom (D:4)
  A howler monkey (D:4)
  A hound (D:4)
  An orc priest (D:4)
  An orc wizard (D:4)
  A worker ant (D:4)
  3 adders
  2 oozes (D:1)
  2 worms (D:2)
  2 dart slugs
  A leopard gecko (D:2)
  10 orcs
  A ball python (D:2)
  A bat (D:2)
  6 giant cockroaches
  6 goblins
  A goblin (shapeshifter) (D:2)
  7 hobgoblins
  3 jackals (D:2)
  5 quokkas (D:2)
  2 frilled lizards (D:2)
  7 kobolds
  10 rats
76 creatures vanquished.

Notes
Turn   | Place    | Note
-------+----------+-------------------------------------------
     0 | D:1      | Knicklaso the Demonspawn Chaos Knight began the quest for the Orb.
     0 | D:1      | Reached XP level 1. HP: 18/18 MP: 1/1
    56 | D:1      | Reached skill level 1 in Dodging
   130 | D:1      | XOM: harmless Necr miscast
   170 | D:1      | Gained mutation: You have a pair of small antennae on your head. [demonic ancestry]
   170 | D:1      | Reached XP level 2. HP: 17/24 MP: 2/2
   394 | D:1      | XOM: divination: detect creatures
   471 | D:1      | XOM: noise
   564 | D:1      | XOM: scenery: create altars
   633 | D:1      | XOM: polymorph adder -> orc
   811 | D:2      | Gained mutation: You are immune to rotting. [demonic ancestry]
   811 | D:2      | Reached XP level 3. HP: 23/29 MP: 3/3
  1024 | D:2      | Gained mutation: You have sharp fingernails. [mutagenic meat]
  1025 | D:2      | Gained mutation: You have very sharp fingernails. [mutagenic meat]
  1026 | D:2      | Gained mutation: You have sharp toenails. [mutagenic meat]
  1238 | D:2      | Gained mutation: You are partially covered in slimy green scales. (AC +2) [demonic ancestry]
  1238 | D:2      | Reached XP level 4. HP: 28/35 MP: 4/4
  1485 | D:2      | XOM: mild Chrm miscast
  1536 | D:3      | XOM: potion effect (brilliance)
  1990 | D:3      | Found an iron altar of Okawaru.
  2310 | D:4      | Reached XP level 5. HP: 33/41 MP: 5/5
  2396 | D:4      | Noticed an ogre
  2398 | D:4      | XOM: cast spell 'Leda's Liquefaction'
  2407 | D:4      | XOM: butterfly on damage
  2632 | D:4      | XOM: mild Chrm miscast
  2646 | D:4      | Noticed a phantom
  2651 | D:4      | XOM: divination: magic mapping
  2658 | D:4      | Killed an ogre
  2686 | D:4      | XOM: harmless Summ miscast
  2701 | D:4      | XOM: cast spell 'Shadow Creatures'
  2962 | D:4      | XOM: divination: magic mapping
  2979 | D:4      | Killed a phantom
  2979 | D:4      | Gained mutation: You may emit foul miasma when damaged in melee. [demonic ancestry]
  2979 | D:4      | Reached XP level 6. HP: 29/48 MP: 6/6
  3140 | D:4      | XOM: god gift: 2 needles of sleeping
  3161 | D:4      | XOM: mild Conj miscast
  3270 | D:4      | Noticed Knicklaso's ghost (amateur DsCK)
  3273 | D:4      | XOM: silly message
  3299 | D:4      | Slain by Knicklaso's ghost

Skill      XL: |  1  2  3  4  5 |
---------------+----------------+-----
Dodging        | 1 2 |  2.7
Armour         | 2 3 |  3.5
Long Blades    | 3 4 |  4.7
Fighting       | 4 |  4.2

Action                   |  1- 3 |  4- 6 || total
-------------------------+-------+-------++-------
Melee: Falchion          |   109 |   169 ||   278
       Kick              |     8 |    36 ||    44
  Use: Potion            |       |     6 ||     6
 Stab: Confused          |       |     1 ||     1
       Paralysed         |       |     1 ||     1
  Eat: Chunk             |     4 |     4 ||     8
       Royal jelly       |       |     1 ||     1
Armor: Leather armour    |     5 |       ||     5
       Ring mail         |    38 |    70 ||   108
Dodge: Dodged            |    58 |    67 ||   125
       Rpst.: Falchion   |    19 |    17 ||    36
